 Dungeon Crawl Stone Soup version 0.18-a0-1347-gb9e2fb4 (webtiles) character file.

383647 Arkorax the Slayer (level 21, -1/220 HPs)
             Began as a Minotaur Fighter on Feb 17, 2016.
             Was the Champion of Cheibriados.
             Shot with a bolt of frost by a yaktaur captain (4 damage)
             ... on level 4 of the Vaults.
             The game lasted 01:31:35 (47536 turns).

Arkorax the Slayer (Minotaur Fighter)              Turns: 47536, Time: 01:31:35

Health: -1/220     AC: 20    Str: 44    XL:     21   Next: 95%
Magic:  13/32      EV: 30    Int: 22    God:    Cheibriados [******]
Gold:   1282       SH:  0    Dex: 31    Spells: 1 memorised, 18 levels left

rFire  + . .     SeeInvis .     H - +7 triple sword (elec)
rCold  + . .     Gourm    .     q - +0 plate armour {rF+}
rNeg   . . .     Faith    .     (shield currently unavailable)
rPois  .         Spirit   .     (helmet unavailable)
rElec  .         Dismiss  .     L - +0 cloak {MR+}
rCorr  .         Reflect  .     v - +1 pair of gloves
SustAt .         Harm     .     m - +0 pair of boots
MR     ++...                    (no amulet)
Stlth  ..........               Y - ring of protection from cold
                                I - +4 ring of dexterity

@: very slow, very resistant to hostile enchantments, extremely unstealthy
A: retaliatory headbutt, horns 3, rugged brown scales 1, clever 1
a: Bend Time, Temporal Distortion, Slouch, Step From Time, Renounce Religion
}: 2/15 runes: decaying, serpentine


You were on level 4 of the Vaults.
You worshipped Cheibriados.
Cheibriados was exalted by your worship.
You were not hungry.

You visited 7 branches of the dungeon, and saw 40 of its levels.
You visited 2 bazaars.

You collected 3658 gold pieces.
You spent 2376 gold pieces at shops.

Inventory:

Hand Weapons
 h - a +9 demon blade of flaming
 H - a +7 triple sword of electrocution (weapon)
Missiles
 w - 27 tomahawks (quivered)
 S - 2 throwing nets
Armour
 g - the +6 ring mail of Failure {rC+ rN+}
   (You found it on level 1 of the Elven Halls)

   It protects you from cold.
   It protects you from negative energy.
 k - the +1 ring mail of Idealism {Int+2 Dex+8 Slay+3}
   (You found it on level 8 of the Lair of Beasts)

   It affects your intelligence (+2).
   It affects your dexterity (+8).
   It affects your accuracy and damage with ranged weapons and melee attacks
   (+3).
 m - a +0 pair of boots (worn)
 q - a +0 plate armour of fire resistance (worn)
 v - a +1 pair of gloves (worn)
 L - a +0 cloak of magic resistance (worn)
 M - a +0 fire dragon armour
 P - the +3 warlock's mirror {reflect}
   (You bought it in a shop on level 2 of the Orcish Mines)
Jewellery
 c - an uncursed ring of resist corrosion
 z - an uncursed ring of positive energy
 I - a +4 ring of dexterity (left hand)
 J - an uncursed ring of protection from cold
 T - an uncursed ring of fire
 Y - a ring of protection from cold (right hand)
Wands
 E - a wand of teleportation (5/9)
 G - a wand of digging (13/24)
 N - a wand of heal wounds (4/9)
 O - a wand of acid (10/15)
 Z - a wand of teleportation (2/9)
Scrolls
 b - 3 scrolls of fog
 j - a scroll of brand weapon
 n - 6 scrolls of identify
 p - 16 scrolls of remove curse
 s - 4 scrolls of recharging
 t - 3 scrolls of magic mapping
 u - 5 scrolls of enchant armour
 y - 2 scrolls of holy word
 B - 3 scrolls of blinking
 Q - 4 scrolls of fear
 V - 5 scrolls of teleportation
Potions
 d - 7 potions of might
 o - 2 potions of cancellation
 r - 10 potions of flight
 A - 7 potions of brilliance
 C - 3 potions of cure mutation
 K - 9 potions of curing
 R - 6 potions of agility
 U - 4 potions of magic
 W - 3 potions of ambrosia
Miscellaneous
 a - a lamp of fire
 F - a disc of storms
Comestibles
 f - 18 bread rations
 i - 11 royal jellies
 l - 12 beef jerkies
 x - 10 meat rations
 D - 14 slices of pizza
 X - 11 fruits


   Skills:
 - Level 24.2 Fighting
 + Level 21.3 Long Blades
 - Level 9.2 Armour
 - Level 18.3 Dodging
 - Level 15.6 Shields
 - Level 16.3 Invocations


You had 18 spell levels left.
You knew the following spells:

 Your Spells              Type           Power        Failure   Level  Hunger
a - Repel Missiles        Chrm/Air       #.....       89%         2    ###....


Dungeon Overview and Level Annotations

Branches:
Dungeon (15/15)              Lair (8/8) D:11          Swamp (4/4) Lair:5
  Snake (4/4) Lair:4        Slime (0/6) Lair:8          Orc (2/2) D:10
    Elf (3/3) Orc:2        Vaults (4/5) D:14          Crypt (0/3) Vaults:2
 Depths (0/5) D:15
 Temple: D:4-7

Altars:
Cheibriados
Dithmenos
Gozag
Nemelex Xobeh
Qazlal
Trog
Vehumet
Xom

Shops:
D:6 *   D:9 %   D:10 %   Orc:2 *[[(*

Annotations:
Swamp:2 exclusion: oklob plant


Innate Abilities, Weirdness & Mutations

You reflexively headbutt those who attack you in melee.
You have a pair of large horns on your head.
You are partially covered in rugged brown scales (AC +1, +3% HP).
Your mind is acute. (Int +2)


Message History

Drink which item? (? for menu, Esc to quit)
You feel much better.
The runic seal fades away.
The yaktaur captain hits you!!
* * * LOW HITPOINT WARNING * * *
Something completely misses you.
Unknown command.
You can feel time thicken for a moment.
You kill the vault sentinel!
Cheibriados appreciates the change of pace.
Cheibriados thoroughly appreciates the change of pace.
Reactivating autopickup.
You feel a bit more experienced.
You feel somewhat more hungry.
The sentinel's mark upon you fades away.
The vault warden activates a sealing rune.
A door slams shut!
The yaktaur captain misses you.
The yaktaur captain wields an arbalest.
The yaktaur captain shoots a bolt of frost.
The bolt of frost hits you!
* * * LOW HITPOINT WARNING * * *
The bolt of frost freezes you.
You die...

########.......#
#......#.......#
#.<....#.......#
#......#.......#
#......#..Z....#
#......#))(†...#
#......#.)).†..#
..####+###pc(.)..#
#.........(@)c....#
#.........))).....+...
######################


You could see a vault warden, 2 yaktaur captains and a human skeleton.

Vanquished Creatures
  Sojobo (Vaults:2)
  Frederick (Vaults:2)
  Vashnia (Snake:4)
  Margery (Vaults:3)
  Xtahua (Vaults:3)
  Rupert (D:13)
  Kirke (D:12)
  Gastronok (D:10)
  3 thorn hunters
  3 tengu reavers (Vaults:2)
  A storm dragon (Vaults:2)
  10 greater nagas
  A fire giant (Vaults:1)
  Donald (D:14)
  3 deep elf sorcerers
  Aizul (Snake:1)
  13 vault wardens
  5 stone giants
  14 ironheart preservers
  2 very ugly things
  A salamander stormcaller (Vaults:2)
  A deep elf demonologist (Elf:1)
  Azrael (D:13)
  2 deep elf annihilators
  The ghost of Duskembrace the Maledictor, a journeyman FeEn of Dithmenos (Snake:4)
  An ettin (Vaults:2)
  Snorg (D:14)
  6 deep elf death magi
  2 fire dragons
  Josephine (Lair:5)
  7 vault guards
  A deep elf high priest (Elf:2)
  3 yaktaur captains
  Fannar (D:12)
  8 great orbs of eyes
  23 hydras
  A catoblepas (Lair:8)
  Erolcha (Orc:1)
  11 centaur warriors
  14 naga warriors
  3 death knights
  3 ghost crabs
  15 anacondas
  The ghost of dracos369 the Grappler, a novice TrFi of Okawaru (Lair:1)
  Erica (Orc:1)
  6 ogre magi
  5 alligators
  13 death yaks
  A deep troll shaman (Lair:8)
  27 dancing weapons
  2 spriggan berserkers (Swamp:4)
  14 naga sharpshooters
  Urug (Lair:2)
  6 shock serpents
  Sonja (Lair:2)
  28 deep elf knights
  2 fire crabs
  5 hell knights (Vaults:3)
  8 salamander mystics
  A skeletal warrior (D:14)
  A sea snake (shapeshifter) (D:15)
  A deep troll (Vaults:2)
  5 unseen horrors
  11 swamp dragons
  2 spriggan druids
  17 naga ritualists
  13 deep elf archers
  A flayed ghost (Vaults:4)
  10 hill giants
  9 harpies (Vaults:3)
  A lindwurm (Lair:8)
  4 ironbrand convokers
  6 shambling mangroves
  The ghost of krfreak the Grappler, a novice VSMo of Cheibriados (D:7)
  Pikel (D:3)
  15 orc knights
  A necromancer (Vaults:3)
  2 oklob plants
  4 wolf spiders
  63 deep elf magi
  4 hornets
  20 mana vipers
  A shining eye (shapeshifter) (Vaults:3)
  A shadow dragon skeleton (Vaults:3)
  7 cyclopes
  3 orc sorcerers
  A wolf spider zombie (D:15)
  39 ugly things
  6 griffons
  17 salamanders
  A moth of wrath (shapeshifter) (D:15)
  8 elephants
  A salamander (shapeshifter) (Elf:2)
  A torpor snail (Lair:7)
  10 guardian serpents
  26 naga magi
  8 vault sentinels
  50 black mambas
  24 spiny frogs
  6 gargoyles
  A yaktaur (shapeshifter) (Vaults:2)
  3 kobold demonologists
  A komodo dragon (shapeshifter) (D:11)
  A fire drake (shapeshifter) (D:15)
  14 komodo dragons
  2 freezing wraiths
  28 yaktaurs
  A polar bear (shapeshifter) (Vaults:1)
  A yaktaur skeleton (Vaults:3)
  3 fire drakes
  2 tengu conjurers (D:14)
  A queen bee (shapeshifter) (Vaults:2)
  11 trolls
  2 trolls (shapeshifter)
  16 two-headed ogres
  A queen bee (D:12)
  12 giant leeches
  36 slime creatures
  5 bog bodies
  2 giant leeches (shapeshifter)
  A boulder beetle (Vaults:3)
  12 blink frogs
  2 redbacks
  A stone giant simulacrum (Vaults:3)
  3 air elementals
  5 spriggans
  6 wraiths
  17 humans
  5 shadows
  3 wyverns
  A yak (shapeshifter) (Vaults:3)
  10 water elementals
  2 humans (shapeshifter)
  A vampire (D:15)
  44 yaks
  3 fire elementals
  A hog (shapeshifter) (D:15)
  4 basilisks
  13 hippogriffs
  A yaktaur simulacrum (Vaults:3)
  3 hungry ghosts
  A hog (D:12)
  27 vampire mosquitoes
  4 mottled dragons
  14 wolves
  21 swamp worms
  A swamp worm (shapeshifter) (Vaults:2)
  A hippogriff (shapeshifter) (Vaults:3)
  3 insubstantial wisps (Swamp:4)
  7 wargs
  70 nagas
  17 water moccasins
  7 porcupines
  2 hell hounds (D:13)
  40 orc warriors
  9 swamp drakes
  3 sky beasts
  40 ogres
  3 ice beasts
  3 black bears
  17 wasps
  An eye of draining (D:9)
  A black bear (shapeshifter) (Vaults:3)
  2 necrophages
  A phantom (D:12)
  3 boggarts (D:15)
  23 centaurs
  23 crocodiles
  10 big kobolds
  An earth elemental (Elf:2)
  A gnoll sergeant (D:11)
  26 giant frogs
  A wyvern zombie (D:10)
  A wyvern skeleton (D:14)
  3 scorpions
  35 killer bees
  4 wights
  5 electric eels
  2 wasp zombies
  10 jellies
  3 centaur zombies
  11 crimson imps
  6 giant frog skeletons
  2 giant frog zombies
  19 orc priests
  31 orc wizards
  6 hounds
  2 quasits
  5 centaur skeletons
  6 hell rats (Lair:4)
  14 iguanas
  11 worker ants
  10 sheep
  3 hound skeletons
  Robin (D:2)
  6 gnolls
  A worker ant zombie (D:11)
  10 adders
  40 river rats
  4 shadow imps
  A giant eyeball (D:15)
  2 adder zombies
  2 worms
  7 giant geckos
  97 orcs
  A ball python (D:4)
  3 giant cockroaches
  10 hobgoblins
  7 jackals
  18 kobolds
  5 quokkas
  5 bats
  A giant gecko skeleton (D:4)
  2 giant newts (D:4)
  14 goblins
  6 rats
  A briar patch (Swamp:3)
  3 crawling corpses (Elf:1)
1797 creatures vanquished.

Vanquished Creatures (collateral kills)
  A naga warrior (Snake:3)
1 creature vanquished.

Vanquished Creatures (others)
  A deep elf demonologist (Vaults:2)
  A centaur warrior (Vaults:2)
  A naga sharpshooter (Snake:3)
  An ironbrand convoker (Vaults:3)
  2 deep elf magi
  2 yaktaurs (Vaults:2)
  A human (D:12)
  A centaur (Vaults:2)
  A phantom (D:4)
  A jelly (D:12)
  A hound (D:12)
  A worker ant (D:12)
  An adder skeleton (D:4)
  A worm (D:4)
  An orc (Orc:1)
  2 briar patches (Swamp:2)
  20 fungi
  10 plants
49 creatures vanquished.

Grand Total: 1847 creatures vanquished

Notes
Turn   | Place    | Note
--------------------------------------------------------------
     0 | D:1      | Arkorax the Minotaur Fighter began the quest for the Orb.
     0 | D:1      | Reached XP level 1. HP: 19/19 MP: 0/0
   474 | D:1      | Reached XP level 2. HP: 27/27 MP: 1/1
   727 | D:1      | Reached skill level 4 in Fighting
  1241 | D:2      | Reached XP level 3. HP: 33/33 MP: 2/2
  1682 | D:2      | Noticed Robin
  1692 | D:2      | Reached XP level 4. HP: 32/41 MP: 3/3
  1697 | D:2      | Killed Robin
  1833 | D:2      | Reached skill level 5 in Fighting
  2118 | D:3      | Found a shimmering altar of Xom.
  2348 | D:3      | Reached XP level 5. HP: 48/48 MP: 4/4
  2484 | D:4      | Noticed a slave
  2486 | D:4      | Noticed Pikel
  2486 | D:4      | Noticed a slave
  2488 | D:4      | Noticed a slave
  2592 | D:4      | Noticed a slave
  2600 | D:3      | Killed Pikel
  2600 | D:3      | Reached skill level 7 in Fighting
  2600 | D:3      | Reached skill level 5 in Shields
  2600 | D:3      | Reached XP level 6. HP: 34/60 MP: 5/5
  2600 | D:3      | Reached XP level 7. HP: 37/66 MP: 6/6
  3349 | D:4      | Reached XP level 8. HP: 44/74 MP: 7/7
  3581 | D:5      | Entered Level 5 of the Dungeon
  3587 | D:5      | Reached skill level 8 in Fighting
  3803 | D:5      | Found a sparkling altar of Nemelex Xobeh.
  3803 | D:5      | Found an opulent altar of Gozag.
  4117 | D:6      | Found Gauc's General Store.
  4304 | D:6      | Reached skill level 9 in Fighting
  4427 | D:6      | Found a snail-covered altar of Cheibriados.
  4432 | D:6      | Found a bloodstained altar of Trog.
  4447 | D:6      | Found a shadowy altar of Dithmenos.
  4457 | D:6      | Became a worshipper of Cheibriados the Contemplative
  4471 | D:6      | Found a radiant altar of Vehumet.
  4474 | D:6      | Found a stormy altar of Qazlal.
  4706 | D:7      | Reached XP level 9. HP: 79/83 MP: 8/8
  4758 | D:7      | Reached skill level 5 in Armour
  4769 | D:7      | Noticed krfreak's ghost (novice VSMo)
  5152 | D:7      | Killed krfreak's ghost
  5152 | D:7      | Reached skill level 10 in Fighting
  5152 | D:7      | Reached skill level 10 in Long Blades
  5568 | D:7      | Reached * piety under Cheibriados
  7002 | D:8      | Reached ** piety under Cheibriados
  7077 | D:9      | Reached skill level 11 in Fighting
  7146 | D:9      | Found Biadugy's Food Boutique.
  7151 | D:9      | Reached skill level 1 in Invocations
  7422 | D:9      | Reached XP level 10. HP: 67/94 MP: 10/10
  7822 | D:9      | Reached *** piety under Cheibriados
  7934 | D:10     | Entered Level 10 of the Dungeon
  8004 | D:10     | Identified a scroll of acquirement
  8086 | D:10     | Noticed a hill giant
  8097 | D:10     | Killed a hill giant
  8467 | D:10     | Reached skill level 12 in Fighting
  8544 | D:10     | Found a staircase to the Orcish Mines.
  8785 | D:10     | Noticed a hill giant
  8790 | D:10     | Killed a hill giant
  8925 | D:10     | Noticed Gastronok
  8948 | D:10     | Killed Gastronok
  8948 | D:10     | Reached XP level 11. HP: 63/104 MP: 11/13
  9125 | D:10     | Found Emeaziq's Food Boutique.
  9200 | D:11     | Noticed a red ugly thing
  9214 | D:11     | Killed a brown ugly thing
  9258 | D:11     | Reached **** piety under Cheibriados
  9295 | D:11     | Noticed a hill giant
  9305 | D:11     | Killed a hill giant
  9651 | D:11     | Reached skill level 13 in Fighting
  9887 | D:11     | Noticed a hill giant
  9890 | D:11     | Killed a hill giant
  9890 | D:11     | Reached skill level 5 in Invocations
  9996 | D:11     | Noticed a centaur warrior
 10007 | D:11     | Killed a centaur warrior
 10151 | D:11     | Reached ***** piety under Cheibriados
 10368 | D:11     | Noticed a wolf spider
 10374 | D:11     | Killed a wolf spider
 10389 | D:11     | Found a staircase to the Lair.
 10581 | D:11     | Killed an unseen horror
 10894 | D:11     | Noticed a centaur warrior
 10907 | D:11     | Killed a centaur warrior
 10907 | D:11     | Reached skill level 14 in Fighting
 10907 | D:11     | Reached XP level 12. HP: 76/116 MP: 15/15
 11055 | Lair:1   | Entered Level 1 of the Lair of Beasts
 11206 | Lair:1   | Noticed dracos369's ghost (novice TrFi)
 11729 | Lair:1   | Reached skill level 10 in Shields
 11888 | Lair:2   | Reached ****** piety under Cheibriados
 12133 | Lair:2   | Noticed Urug
 12140 | Lair:2   | Killed Urug
 12363 | Lair:2   | Noticed Sonja
 12371 | Lair:2   | Killed Sonja
 12371 | Lair:2   | Reached skill level 15 in Long Blades
 12550 | Lair:2   | Noticed an eight-headed hydra
 12558 | Lair:2   | Killed an eight-headed hydra
 12973 | Lair:3   | Noticed a seven-headed hydra
 12982 | Lair:3   | Killed an eight-headed hydra
 13177 | Lair:3   | Reached skill level 15 in Fighting
 13966 | Lair:4   | Reached XP level 13. HP: 106/125 MP: 17/17
 14224 | Lair:4   | Found a staircase to the Snake Pit.
 14475 | Lair:5   | Reached skill level 16 in Long Blades
 14517 | Lair:5   | Noticed Josephine
 14522 | Lair:5   | Killed Josephine
 14931 | Lair:5   | Found a staircase to the Swamp.
 16221 | Lair:6   | Reached skill level 17 in Long Blades
 16424 | Lair:6   | Gained mutation: Your mind is acute. (Int +2) [potion of beneficial mutation]
 17173 | Lair:7   | Reached XP level 14. HP: 107/136 MP: 18/18
 17940 | Lair:8   | Entered Level 8 of the Lair of Beasts
 18052 | Lair:8   | Got a bloodstained ring mail
 18063 | Lair:8   | Identified the +1 ring mail of Idealism {Int+2 Dex+8 Slay+3} (You found it on level 8 of the Lair of Beasts)
 18111 | Lair:8   | Reached skill level 1 in Dodging
 18455 | Lair:8   | Found a staircase to the Slime Pits.
 19168 | Lair:8   | Got a pair of fine gloves
 19179 | Lair:8   | Identified the +1 pair of gloves "Gumiatwo" {*Corrode MR+ MP+9 Int+6} (You found it on level 8 of the Lair of Beasts)
 19204 | Lair:8   | Got a fine war axe
 19205 | Lair:8   | Identified the +4 war axe of Abuse {freeze, Int+3} (You found it on level 8 of the Lair of Beasts)
 19594 | D:12     | Noticed Kirke
 19605 | D:12     | Killed Kirke
 19605 | D:12     | Reached skill level 5 in Dodging
 19609 | D:12     | Identified Oshell's Disquisition on Flying Attacks
 19927 | D:12     | Noticed Fannar
 19933 | D:12     | Killed Fannar
 20397 | D:13     | Noticed Azrael
 20414 | D:13     | Killed Azrael
 20483 | D:13     | Reached XP level 15. HP: 112/147 MP: 19/19
 20576 | D:13     | Noticed Rupert
 20586 | D:13     | Killed Rupert
 21189 | D:14     | Found a gate to the Vaults.
 21189 | D:14     | Noticed Donald
 21199 | D:14     | Killed Donald
 21439 | D:14     | Reached skill level 18 in Fighting
 21448 | D:14     | Noticed Snorg
 21462 | D:14     | Killed Snorg
 22128 | D:15     | Entered Level 15 of the Dungeon
 23235 | D:15     | Found a staircase to the Depths.
 23325 | D:15     | Reached XP level 16. HP: 109/159 MP: 20/20
 23441 | D:15     | Reached skill level 10 in Dodging
 23866 | Orc:1    | Entered Level 1 of the Orcish Mines
 23866 | Orc:1    | Noticed Erolcha
 23872 | Orc:1    | Killed Erolcha
 23894 | Orc:1    | Reached skill level 15 in Shields
 24057 | Orc:1    | Noticed Erica
 24060 | Orc:1    | Killed Erica
 24060 | Orc:1    | Reached skill level 19 in Fighting
 24616 | Orc:2    | Entered Level 2 of the Orcish Mines
 24617 | Orc:2    | Found a staircase to the Elven Halls.
 24737 | Orc:2    | Found Hecuivuqoh's Assorted Antiques.
 24765 | Orc:2    | Bought a smoking leather armour for 203 gold pieces
 24775 | Orc:2    | Identified the +1 leather armour of the Vestibule of Hell {Str-3 Dex+4 SInv} (You bought it in a shop on level 2 of the Orcish Mines)
 24826 | Orc:2    | Found Sesaak's Armour Shop.
 24826 | Orc:2    | Found Haisu's Antique Armour Emporium.
 24827 | Orc:2    | Found Rokkis's Assorted Antiques.
 24827 | Orc:2    | Found Fimolu's Weapon Shop.
 24846 | Orc:2    | Bought a +0 cloak of magic resistance for 195 gold pieces
 24858 | Orc:2    | Bought a runed shield for 126 gold pieces
 24874 | Orc:2    | Bought a glowing chain mail for 126 gold pieces
 24908 | Orc:2    | Bought the +3 warlock's mirror {reflect} for 1083 gold pieces
 25068 | Lair:1   | Killed dracos369's ghost
 25268 | Snake:1  | Entered Level 1 of the Snake Pit
 25349 | Snake:1  | Noticed Aizul
 25355 | Snake:1  | Killed Aizul
 27409 | Snake:2  | Reached skill level 20 in Fighting
 27896 | Snake:2  | Reached XP level 17. HP: 165/170 MP: 22/22
 28879 | Snake:3  | Reached skill level 10 in Invocations
 29401 | Snake:4  | Entered Level 4 of the Snake Pit
 29401 | Snake:4  | Noticed Duskembrace's ghost (journeyman FeEn)
 29407 | Snake:4  | Killed Duskembrace's ghost
 30768 | Snake:4  | Noticed Vashnia
 30788 | Snake:4  | Reached skill level 21 in Fighting
 31434 | Snake:4  | Reached XP level 18. HP: 70/182 MP: 25/25
 32179 | Snake:4  | Got a serpentine rune of Zot
 32845 | Snake:4  | Killed Vashnia
 33209 | Swamp:1  | Entered Level 1 of the Swamp
 33648 | Swamp:1  | Found a sparkling altar of Nemelex Xobeh.
 34238 | Swamp:2  | Got a spiked scale mail
 34249 | Swamp:2  | Identified the +5 scale mail of the End {+Inv rC- Int+5} (You found it on level 2 of the Swamp)
 34448 | Swamp:2  | Reached skill level 22 in Fighting
 34517 | Swamp:2  | Identified the Compendium of the Escort (You found it on level 2 of the Swamp)
 36050 | Swamp:3  | Reached skill level 15 in Dodging
 36354 | Swamp:4  | Entered Level 4 of the Swamp
 36836 | Swamp:4  | Learned a level 2 spell: Repel Missiles
 36859 | Swamp:4  | Reached XP level 19. HP: 192/192 MP: 27/27
 37550 | Swamp:4  | Got a decaying rune of Zot
 38001 | Vaults:1 | Entered Level 1 of the Vaults
 39646 | Vaults:2 | Noticed Frederick
 39657 | Vaults:2 | Killed Frederick
 39689 | Vaults:2 | Reached skill level 23 in Fighting
 39718 | Vaults:2 | Found a flickering gateway to a bazaar.
 39724 | Bazaar   | Entered a bazaar
 40127 | Bazaar   | Found Rulunocu's Jewellery Emporium.
 40127 | Bazaar   | Found Nunuz's Magic Scroll Emporium.
 40145 | Bazaar   | Bought a scroll of magic mapping for 56 gold pieces
 40145 | Bazaar   | Bought a scroll of recharging for 152 gold pieces
 40163 | Bazaar   | Found Jiag's Gadget Shoppe.
 40163 | Bazaar   | Found Daneneus's Magic Scroll Shoppe.
 40181 | Bazaar   | Bought a scroll of enchant armour for 82 gold pieces
 40181 | Bazaar   | Bought 2 scrolls of fear for 77 gold pieces
 40181 | Bazaar   | Bought 2 scrolls of enchant armour for 165 gold pieces
 40181 | Bazaar   | Bought a scroll of teleportation for 33 gold pieces
 40845 | Vaults:1 | Reached XP level 20. HP: 167/204 MP: 30/30
 41035 | Elf:1    | Entered Level 1 of the Elven Halls
 41107 | Elf:1    | Got an ichor-stained ring mail
 41108 | Elf:1    | Identified the +6 ring mail of Failure {rC+ rN+} (You found it on level 1 of the Elven Halls)
 41245 | Elf:1    | Reached skill level 15 in Invocations
 41560 | Elf:1    | Identified the Incunabulum of Attacks (You found it on level 1 of the Elven Halls)
 42533 | Elf:2    | Found a runed gate.
 42533 | Elf:2    | Found a runed gate.
 42533 | Elf:2    | Found a runed gate.
 43699 | Elf:3    | Entered Level 3 of the Elven Halls
 44209 | Vaults:2 | Reached skill level 24 in Fighting
 44579 | Vaults:2 | Reached XP level 21. HP: 193/214 MP: 32/32
 44618 | Vaults:2 | Noticed Sojobo
 44627 | Vaults:2 | Killed Sojobo
 44917 | Vaults:2 | Found a staircase to the Crypt.
 45444 | Vaults:3 | Noticed Xtahua
 45450 | Vaults:3 | Killed Xtahua
 45923 | Vaults:3 | Found a gateway to a bazaar.
 45934 | Bazaar   | Entered a bazaar
 45957 | Bazaar   | Found Eguqan's Magic Scroll Boutique.
 46015 | Bazaar   | Found Plog's Food Boutique.
 46089 | Bazaar   | Bought a scroll of fear for 42 gold pieces
 46089 | Bazaar   | Bought a scroll of teleportation for 36 gold pieces
 46255 | Vaults:3 | Noticed Margery
 46260 | Vaults:3 | Killed Margery
 46273 | Vaults:3 | Gained mutation: You have a pair of large horns on your head. [potion of beneficial mutation]
 46274 | Vaults:3 | Gained mutation: You are partially covered in rugged brown scales (AC +1, +3% HP). [potion of beneficial mutation]
 47536 | Vaults:4 | HP: 3/220 [yaktaur captain/bolt of frost (17)]
 47536 | Vaults:4 | Shot with a bolt of frost by a yaktaur captain

Vault maps used:
D:1:      dpeg_arrival_central, minmay_statues_item, roderic_curled_sauvastika
D:2:      first_bread, uniq_robin
D:3:      lemuel_round_altar, amalloy_card_club
D:4:      uniq_pikel
D:5:      grunt_temple_overflow_opulence
D:6:      minmay_overflow_temple_star_hex, serial_shops, shop
D:7:      nicolae_whirlpool
D:9:      serial_shops, shop, grunt_pizzeria, kennysheep_generic_room_11
D:10:     orc_0_dummy, serial_shops, nicolae_shop_crystal, uniq_gastronok
D:11:     erik_lair_orcish_takeover, minivault_22
D:12:     special_room, uniq_kirke, uniq_fannar
D:13:     uniq_rupert, uniq_azrael
D:14:     david_vaults_3, special_room, uniq_snorg
D:15:     gammafunk_enter_depths_forms, minmay_misc_feat_ornament,
          hangedman_decor_lopped, onia_ninara_cookie
Lair:1:   dpeg_stationary_puzzle, grunt_megastairs_5
Lair:2:   minmay_holes, uniq_sonja, uniq_urug
Lair:3:   serial_bayou_shore_a, infiniplex_staircase_pool_2, grunt_megastairs_2
Lair:4:   minmay_snake_entry_guardpost_small
Lair:5:   minmay_swamp_entry_eels, serial_bayou_pond_d,
          infiniplex_staircase_pool, uniq_josephine
Lair:6:   eino_small_chamber_without_monster
Lair:8:   grunt_lair_end_beastmaster, slime_dummy, lab_entry_generic,
          grunt_megastairs_4
Swamp:1:  nicolae_swamp_godswood
Swamp:2:  nicolae_swamp_phyte_club, evilmike_swamp_ruin_house_3, swamp_pool2
Swamp:3:  evilmike_swamp_ruin_house_5
Swamp:4:  swamp_basic_johnstein
Snake:1:  serial_bayou_shore_b, uniq_aizul
Snake:4:  johnstein_snake_rune_scales
Orc:1:    uniq_erica, uniq_erolcha
Orc:2:    st_orc_ogre_mass, serial_shops, shop, shop, shop
Elf:1:    minmay_elf_crystal_heptagon, minmay_elf_sorcery
Elf:2:    basic_stair_grate_trap
Elf:3:    minmay_elf_hall_quartered_circle, serial_shops, shop,
          minmay_misc_feat_pillars, minivault_16, basic_stair_grate_trap,
          grunt_megastairs_1
Vaults:1: v_alt_pattern_5, nicolae_vaults_ring_of_whatevers,
          ontoclasm_vaults_twist, vaults_room_semicircle, v_alt_pattern_4,
          ontoclasm_vaults_tryst, v_misc_24, vaults_mumra_minichess_inversion,
          vaults_room_pools, nicolae_vaults_little_squares_6,
          nicolae_vaults_mini_display_case
Vaults:2: vaults_room_hallway, grunt_vaults_swirl, v_rooms_5, vaults_room_fours,
          blue_anna_dwarven_crypt, nicolae_vaults_little_squares_5,
          dpeg_vaults_waves, ontoclasm_vaults_ligature, vaults_dpeg_ring,
          serial_shops, bzr_entry_safe, uniq_donald, uniq_sojobo, uniq_frederick
Vaults:3: vaults_dpeg_spiral, nicolae_vaults_little_squares_1,
          hangedman_vaults_stretched_pinwheel, v_misc_30, v_misc_33,
          ontoclasm_vaults_eye, hangedman_vaults_cutoff,
          ontoclasm_vaults_shuriken, nicolae_vaults_disjoint_gnomons,
          vaults_room_corners, vaults_mumra_chevron,
          nicolae_vaults_diagonal_hallway_6, vaults_room_door_ring,
          hangedman_vaults_impose, serial_shops, bzr_entry_gold, uniq_xtahua,
          uniq_margery
Vaults:4: st_quartered_hall, hangedman_vaults_pinch, v_rooms_5,
          vaults_room_hallway, dpeg_vaults_monster_row, grunt_vaults_focal,
          v_misc_26, ontoclasm_vaults_bender, uniq_boris
Bazaar:   grunt_bazaar_doublecross, bazaar_jpeg_ninerooms_5

Action                   |  1- 3 |  4- 6 |  7- 9 | 10-12 | 13-15 | 16-18 | 19-21 || total
-------------------------+-------+-------+-------+-------+-------+-------+-------++-------
Melee: Long sword        |    88 |    27 |   218 |    73 |       |       |       ||   406
       Dagger            |       |    41 |   148 |    22 |    46 |       |       ||   257
       Scimitar          |       |       |       |   429 |   787 |       |       ||  1216
       Great sword       |       |       |       |       |    25 |       |       ||    25
       Demon blade       |       |       |       |       |    71 |  1074 |   948 ||  2093
       Triple sword      |       |       |       |       |       |       |   223 ||   223
Throw: Tomahawk          |       |       |    10 |     7 |       |       |       ||    17
Invok: Slouch            |       |       |       |       |     5 |     3 |     7 ||    15
       Bend Time         |       |       |       |       |       |     1 |       ||     1
Evoke: Wand              |       |       |       |    14 |       |       |     2 ||    16
       Deck              |       |       |       |     4 |       |       |       ||     4
       Lamp of fire      |       |       |       |       |       |     2 |       ||     2
       Sack of spiders   |       |       |       |       |       |     1 |       ||     1
  Use: Potion            |     2 |     2 |    13 |     2 |     5 |     7 |     5 ||    36
       Scroll            |       |       |    12 |    10 |    14 |    16 |    15 ||    67
 Stab: Invisible         |       |       |       |     6 |    10 |       |       ||    16
       Sleeping          |       |       |       |       |    11 |     6 |       ||    17
       Distracted        |       |       |       |       |     3 |     6 |     2 ||    11
  Eat: Chunk             |     1 |       |       |       |     1 |       |     2 ||     4
       Bread ration      |     1 |       |     1 |     1 |       |       |     1 ||     4
       Meat ration       |       |       |     2 |     3 |     4 |     4 |     2 ||    15
       Royal jelly       |       |       |       |       |       |       |     2 ||     2
